 Dungeon Sprint DCSS version 0.23.2-1-ga50397a (webtiles) character file.

Game seed: 14413376874557302663

9 Fang the Skirmisher (level 2, -5/30 HPs)
             Began as a Gargoyle Berserker on May 1, 2019.
             Was a Believer of Trog.
             Slain by a gnoll
             ... wielding a +0 spear
              (6 damage)
             ... in the Dungeon (Sprint VII: "The Pits").
             The game lasted 00:00:46 (295 turns).

Fang the Skirmisher (Gargoyle Berserker)             Turns: 295, Time: 00:00:46

Health: -5/30      AC:  5    Str: 25    XL:     2   Next: 12%
Magic:  2/2        EV: 12    Int:  7    God:    Trog [**....]
Gold:   0          SH:  0    Dex:  9    Spells: 1/1 levels left

rFire    . . .     SeeInvis .   j - +2 hand axe
rCold    . . .     Gourm    .   (no shield)
rNeg     + . .     Faith    .   b - +0 animal skin
rPois    ∞         Spirit   .   (no helmet)
rElec    +         Reflect  .   (no cloak)
rCorr    .         Harm     .   (no gloves)
MR       .....     NoTele   +   (no boots)
Stlth    ..........             (no amulet)
HPRegen  0.10/turn              (no ring)
MPRegen  0.08/turn              (no ring)

@: berserking, very quick
A: negative energy resistance 1, electricity resistance, unbreathing,
petrification resistance, rot immunity, AC +2
a: Berserk, Trog's Hand, Renounce Religion


You were in the Dungeon.
You worshipped Trog.
Trog was pleased with you.
You were not hungry.

You visited 1 branch

Inventory:

Hand Weapons
 j - a +2 hand axe (weapon)
Armour
 b - a +0 animal skin (worn)
Scrolls
 i - a scroll of blinking
 k - 3 scrolls of remove curse
 l - a scroll of summoning
Potions
 a - 2 potions of invisibility
 d - a potion of curing
 e - a potion of heal wounds
 f - a potion of haste
 g - 4 potions of magic
 h - 3 potions of berserk rage
Comestibles
 c - 9 rations


   Skills:
 + Level 4.0 Fighting
 + Level 3.2 Axes
 + Level 3.1 Armour
 + Level 2.2 Dodging


You had one spell level left.
You didn't know any spells.
Your spell library was empty.

Dungeon Overview and Level Annotations

Branches:
Dungeon (1/1)

Altars:


Innate Abilities, Weirdness & Mutations

You are resistant to torment.
Your stone body is resilient. (AC +2)
You are immune to poison.
You resist negative energy. (rN+)
You are resistant to electric shocks. (rElec)
You can survive without breathing.
You are immune to petrification.
You are immune to rotting.


Message History

The gnoll misses you.
You hit the gnoll.
The gnoll is heavily wounded.
You closely miss the leopard gecko. The leopard gecko closely misses you.
The gnoll hits you with a +0 whip.
The gnoll sergeant hits you but does no damage.
The gnoll hits you from afar with a +0 spear.
The gnoll barely misses you.
You are too injured to fight recklessly!
You are too injured to fight recklessly!
You are too injured to fight recklessly!
You are too injured to fight recklessly!
A red film seems to cover your vision as you go berserk!
You feel yourself moving faster!
You feel mighty!
You feel quite a bit more hungry. The leopard gecko barely misses you.
The gnoll barely misses you.
The gnoll sergeant hits you from afar with a +0 spear!
* * * LOW HITPOINT WARNING * * *
The gnoll hits you from afar with a +0 spear.
You die...

##########+##........
#.?(.')))'.##......#.
##########.##........
#..........('........
#+#####)#####......#.
#...#.# #........
#...#.# ####'####
#...'.# #.......#
##@#### #.......#


#.glgJ# #.......# #..gg.# #...<...# #..gg... #.......# #........##.......#
###########.......# ######### You could see a gnoll sergeant, 5 gnolls, an ooze
and a leopard gecko.

Vanquished Creatures
  An adder skeleton (D)
  A goblin (D)
  A kobold (D)
  A quokka (D)
  A bat (D)
  A frilled lizard (D)
6 creatures vanquished.

Notes
Turn   | Place    | Note
-------+----------+-------------------------------------------
     0 | D        | Fang the Gargoyle Berserker began the quest for the Orb.
     0 | D        | Reached XP level 1. HP: 14/14 MP: 1/1
    64 | D        | Reached ** piety under Trog
   238 | D        | Reached skill level 4 in Fighting
   238 | D        | Reached XP level 2. HP: 16/20 MP: 2/2
   291 | D        | Noticed a gnoll sergeant
   295 | D        | HP: 1/30 [gnoll sergeant/+0 spear (11)]
   295 | D        | Slain by a gnoll

Skill      XL: |  1 |
---------------+----+-----
Axes           | 3 |  3.2
Dodging        | 2 |  2.2
Fighting       | 4 |  4.0
Armour         | 3 |  3.1

Action                   || total
-------------------------++-------
Melee: Hand axe          ||    23
Invok: Berserk           ||     1
Armor: Animal skin       ||     4
Dodge: Dodged            ||    24
